slyhack, chaotic female human Rogue ------------ |...........############ |..........| # --------- |..........| ### ..@I....| |.......<..| # ------------- |.......| | -.---------- ##.`.........`| |..d....|## ..%%| ######### |.....`...... |........## # ....--.--...| |.......|# ## |...|.{.|...| ---------# ----.- ...`|{.{|`...################### |....| |...|.{.|...| # |....| |...-----...-## |....| |.....`.....| |....| |`.........`| ------ ------------- slyhack the Cutpurse Experience level: 4 Strength: 15 Dexterity: 14 Constitution: 14 Intelligence: 12 Wisdom: 13 Charisma: 8 Health: 0(28) Energy: 18(18) Def: 3 Gold: 55 Moves: 2066 Dungeon seed: mANUwgRzm1LOJVKS Game ID: slyhack_1481132231 Your Inventory: Coins $ - 55 gold pieces Amulets t - an uncursed amulet of reflection Weapons a - a +0 short sword (weapon in hand) b - 5 +0 daggers (in quiver) x - a cursed -2 orcish dagger C - a +0 dagger Armor e - an uncursed +1 leather armor (being worn) z - an uncursed +0 pair of elven boots Y - an uncursed +0 orcish helm Comestibles l - an uncursed food ration A - an uncursed tripe ration G - an uncursed banana Scrolls L - a cursed scroll of confuse monster Tools g - an uncursed blindfold k - an uncursed lock pick B - an uncursed sack Gems n - an uncursed worthless piece of black glass q - 3 uncursed worthless pieces of violet glass r - an uncursed topaz stone y - an uncursed chrysoberyl stone M - an uncursed obsidian stone N - an uncursed amethyst stone Contents of the sack: 269 gold pieces a blessed scroll of blank paper 2 uncursed scrolls of create monster 2 uncursed scrolls of light a cursed scroll of remove curse an uncursed potion of acid an uncursed potion of gain energy an uncursed potion of hallucination a blessed potion of sickness 2 uncursed potions of sickness an uncursed potion of water Spells and supernatural/magical abilities: Name Level Category Fail Memory W - pray for help -- divine ? -- Your skills at the end: Fighting Skills wands [Basic] Weapon Skills dagger [Basic] short sword [Basic] Spellcasting Skills Final Attributes: You were piously aligned. You were blinded. You were stealthy. You are dead. Vanquished creatures: a little dog a giant bat 3 iguanas a coyote 2 giant rats 4 cave spiders a brown mold 2 yellow molds 2 gnome zombies 3 geckos a jackal 2 goblins 2 grid bugs 8 lichens a kobold zombie 6 newts 40 creatures vanquished. Voluntary challenges: You were an atheist. You used a wielded weapon 43 times, starting on turn 27. You read items or engraved 20 times, starting on turn 908. You never genocided any monsters. You never polymorphed an object. You never changed form. You used no wishes. You never split a pudding. You wrote Elbereth's name 20 times, starting on turn 908. You never violated your personal moral code. Dungeon overview: The Dungeons of Doom: levels 1 to 5 Level 1 a long staircase Level 2 a fountain Level 3 a fountain stairs to The Gnomish Mines Level 4 Level 5 <- You were here many fountains The Gnomish Mines: Level 4 stairs to The Dungeons of Doom History has recorded: On T:1 you entered the Dungeons of Doom to retrieve the Amulet of Yendor! On T:52 you reached level 2 of The Dungeons of Doom. On T:547 you reached level 3 of The Dungeons of Doom. On T:602 you reached level 4 of The Dungeons of Doom. On T:758 you advanced to experience level 2. On T:804 you reached level 1 of The Gnomish Mines. On T:1162 you advanced to experience level 3. On T:1217 you reached level 5 of The Dungeons of Doom. On T:1845 you advanced to experience level 4. Score breakdown: Gold: 324 ( 8544 points) Experience: 4 levels ( 9649 points) Exploration: 5 levels ( 9.43%) ( 8320 points) Discoveries: 0 items ( 0.00%) ( 0 points) Valuables value: (no points given unless you survive) Artifact value: 0 ( 0 points) Variety of kills: 16 monsters ( 4.18%) ( 6131 points) Turncount: 2066 turns ( -48 points) Survival: died (score multiplied by 80%) Total score: 26076 Latest messages: You displace your little dog. You hit the giant bat. You displace your little dog. You hear some noises nearby. (5x) The giant bat bites! You displace your little dog. The giant bat bites! You throw 2 daggers. The 1st dagger hits the giant bat. The 2nd dagger hits the giant bat. b - 2 +0 daggers (in quiver). You kill the giant bat! The little dog eats a giant bat corpse. You see here a violet gem. q - a violet gem. You are momentarily blinded by a flash of light! It kicks! It bites! You hear some noises nearby. (2x) It kicks! You die... Final status: Goodbye slyhack the Rogue, killed by a pony... You died in The Dungeons of Doom on dungeon level 5 with 26076 points, and 324 pieces of gold, after 2066 moves. You were level 4 with a maximum of 28 hit points when you died.